 Dungeon Crawl Stone Soup version 0.30-a0-605-gb2882149bf (webtiles) character file.

Game seed: 15505610265562573136

2 drugrobin the Sneak (level 1, 0/18 HPs)
             Began as a Demigod Delver on Jan 7, 2023.
             Slain by an adder (1 damage)
             ... on level 4 of the Dungeon.
             The game lasted 00:01:21 (171 turns).

drugrobin the Sneak (Demigod Delver)                 Turns: 171, Time: 00:01:22

Health: 0/18       AC: 10    Str: 10 (13) XL:     1   Next: 26%
Magic:  3/3        EV:  1    Int: 11 (12) God:
Gold:   0          SH:  0    Dex: 12 (15) Spells: 0/0 levels left

rFire   . . .      SeeInvis .      - Unarmed
rCold   . . .      Faith    .    (no shield)
rNeg    . . .      Spirit   .    c - +0 plate armour
rPois   .          Reflect  .    (no helmet)
rElec   .          Harm     .    (no cloak)
rCorr   .          Rampage  .    (no gloves)
Will    .....                    (no boots) Stlth
                                 (no amulet)
HPRegen 0.23/turn                (no ring)
MPRegen 0.08/turn                (no ring)

@: lethally poisoned (0 -> -1)
A: high MP 1, forlorn, divine attributes
a: no special abilities


You were on level 4 of the Dungeon.
You visited 1 branch of the dungeon, and saw 2 of its levels.

Inventory:

Armour
 a - a +0 leather armour
 c - a +0 plate armour (worn)
 g - a +0 scale mail
Wands
 f - a wand of digging (3)
Scrolls
 b - a scroll of fog
 d - a scroll of fear
Potions
 h - a potion of heal wounds {unknown}


   Skills:
 + Level 2.7 Fighting
 + Level 1.8 Dodging
 + Level 4.5 Stealth
 + Level 1.8 Unarmed Combat


You couldn't memorise any spells.
You didn't know any spells.
Your spell library was empty.

Dungeon Overview and Level Annotations

Branches:
Dungeon (5/15)             Temple (0/1) D:5


Innate Abilities, Weirdness & Mutations

You have an increased reservoir of magic. (+10% MP)
You shall have no god before yourself.
Your divine heritage dramatically boosts your attributes as you level up.


Message History

You continue putting on your +0 plate armour.
The kobold hits you with a +0 dagger.
You continue putting on your +0 plate armour.
The kobold hits you with a +0 dagger.
You continue putting on your +0 plate armour.
The kobold hits you with a +0 dagger.
You continue putting on your +0 plate armour.
The kobold barely misses you.
You finish putting on your +0 plate armour.
Unknown command.
Unknown command.
You barely miss the kobold. The kobold hits you but does no damage.
You barely miss the kobold. The kobold barely misses you.
You closely miss the kobold. The kobold hits you but does no damage.
You hit the kobold but do no damage. The kobold hits you with a +0 dagger.
You closely miss the kobold. The kobold hits you with a +0 dagger.
You closely miss the kobold. The kobold completely misses you.
You hit the kobold.
The kobold is heavily wounded.
The kobold hits you but does no damage.
You hit the kobold.
You kill the kobold!
You closely miss the adder.
The adder bites you but does no damage. x2
You barely miss the adder. The adder bites you.
* * * LOW HITPOINT WARNING * * *
You are lethally poisoned!
The adder poisons you!
You barely miss the adder.
* * * LOW HITPOINT WARNING * * *
You feel sick. The adder bites you but does no damage.
You hit the adder but do no damage.
* * * LOW HITPOINT WARNING * * *
You feel sick. The adder bites you but does no damage.
Unknown command.
It was a potion of degeneration.
There was something very wrong with that liquid.
You feel weakened.
You feel dopey.
You feel clumsy.
* * * LOW HITPOINT WARNING * * *
You feel sick. The adder bites you.
You die...

#.# #.# #.#
#.# #.# #.#
#.# #S# #@#
#.# #.#
#.#####
#.....##
##.###..# #
###...###.#
###
#~~...~~#.#
..###
##~..♣..~#.#


You could see an adder.

Vanquished Creatures
  A goblin (D:4)
  A kobold (D:4)
2 creatures vanquished.

Vanquished Creatures (others)
  A plant (D:5)
1 creature vanquished.

Grand Total: 3 creatures vanquished

Notes
Turn   | Place    | Note
-------+----------+-------------------------------------------
     0 | D:5      | drugrobin the Demigod Delver began the quest for the Orb.
     0 | D:5      | Reached XP level 1. HP: 18/18 MP: 3/3
    30 | D:5      | Noticed an ogre
    39 | D:5      | Found a staircase to the Ecumenical Temple.
   171 | D:4      | Slain by an adder

Illustrated notes

Levels and vault maps discovered:
D:4:      kennysheep_goblin_castle, layout_basic, elyvilon_altar_4
D:5:      layout_gridville, trog_ov_bears_minmay, tso_metal_star,
          nicolae_kikubaaqudgha_miasma_corner, minmay_temple_entry_glassed_door,
          serial_bayou_ford_a, grunt_ministairs_5, kennysheep_small_spiral,
          minmay_manual_mail

Action                   || total
-------------------------++-------
Melee: Unarmed           ||    15
  Use: Potion            ||     2
       Scroll            ||     1
Armor: Plate armour      ||     7
       Leather armour    ||     2
Dodge: Dodged            ||     9

Table legend: (Time is in decaauts)
 A = Elapsed time spent in this place.
 B = Non-inter-level travel time spent in this place.
 C = Inter-level travel time spent in this place.
 D = Time resting spent in this place.
 E = Time spent auto-exploring this place.
 F = Levels seen in this place.
 G = Mean time per level.
                   A        B        C        D        E       F      G
               +--------+--------+--------+--------+--------+-----+--------+
         Total |    150 |    122 |     28 |      1 |      0 |   2 |   75.0 |
       Dungeon |    150 |    122 |     28 |      1 |      0 |   2 |   75.0 |
               +--------+--------+--------+--------+--------+-----+--------+

Top non-repeatable levels by time:
     D:4: 110 daAuts
     D:5: 40 daAuts
